 Dungeon Crawl Stone Soup version 0.27-a0-1144-g0b7d3b79db (webtiles) character file.

Game seed: 18261117990091844006

100 kae the Skirmisher (level 4, -6/37 HPs)
             Began as a Demonspawn Abyssal Knight on May 10, 2021.
             Was a Believer of Lugonu.
             Mangled by Sigmund
             ... wielding a +5 scythe of flaming
              (12 damage)
             ... on level 2 of the Dungeon.
             The game lasted 00:01:16 (2166 turns).

kae the Skirmisher (Demonspawn Abyssal Knight)      Turns: 2166, Time: 00:01:17

Health: -6/37      AC: 10    Str: 13    XL:     4   Next: 47%
Magic:  5/5        EV: 11    Int: 13    God:    Lugonu [**....]
Gold:   99         SH:  0    Dex: 13    Spells: 3/3 levels left

rFire    . . .     SeeInvis .   a - +1 falchion
rCold    . . .     Faith    .   (no shield)
rNeg     . . .     Spirit   .   b - +1 leather armour
rPois    .         Reflect  .   (helmet restricted)
rElec    .         Harm     .   (no cloak)
rCorr    .         Rampage  .   (no gloves)
Will     .....                  (no boots)
Stlth    +.........             (no amulet)
HPRegen  0.12/turn              (no ring)
MPRegen  0.09/turn              (no ring)

@: confused, brilliant, sanguine armoured, flying
A: horns 1, powered by pain 1, sanguine armour 1
a: Renounce Religion, Depart the Abyss, Bend Space


You were on level 2 of the Dungeon.
You worshipped Lugonu.
Lugonu was pleased with you.
You visited 1 branch of the dungeon, and saw 2 of its levels.
You visited the Abyss 1 time.

You collected 99 gold pieces.

Inventory:

Hand Weapons
 a - a +1 falchion (weapon)
Armour
 b - a +1 leather armour (worn)
Wands
 g - a wand of flame (24)
Scrolls
 e - a scroll of noise {unknown}
 f - a scroll of teleportation {unknown}
 h - a scroll of magic mapping {unknown}


   Skills:
 + Level 3.8 Fighting
 * Level 3.7 Long Blades
 - Level 1.7 Armour
 - Level 0.8 Dodging
 - Level 2.4 Invocations


You had 3 spell levels left.
You didn't know any spells.
Your spell library contained the following spells:

 Spells                   Type           Power      Damage    Failure   Level
 Animate Skeleton         Necr           0%         N/A       36%         1
 Apportation              Tloc           0%         N/A       36%         1
 Corona                   Hex            0%         N/A       36%         1
 Summon Small Mammal      Summ           0%         N/A       36%         1


Dungeon Overview and Level Annotations

Branches:
Dungeon (2/15)

Altars:

Annotations:
D:2 Sigmund


Innate Abilities, Weirdness & Mutations

You have a pair of small horns on your head.
You sometimes gain a little power by taking damage.
When seriously injured, your bleeding wounds create armour. (AC +6)


Message History

You are too injured to fight recklessly!
You are too injured to fight recklessly!
You are too injured to fight recklessly!
You are too injured to fight recklessly!
It was a potion of flight.
You feel very buoyant.
You fly up into the air.
Sigmund points at you and mumbles some strange words.
The puff of flame hits you but does no damage.
You closely miss Sigmund. You headbutt Sigmund.
Sigmund is lightly wounded.
Sigmund barely misses you.
You riposte.
You barely miss Sigmund. You headbutt Sigmund, but do no damage.
Sigmund is lightly wounded.
You hit Sigmund. You headbutt Sigmund.
Sigmund is moderately wounded.
Sigmund hits you but does no damage.
You closely miss Sigmund.
Sigmund is moderately wounded.
Sigmund closely misses you.
You hit Sigmund.
Sigmund is heavily wounded.
Sigmund hits you with a +5 scythe of flaming!
* * * LOW HITPOINT WARNING * * *
Sigmund burns you.
* * * LOW HITPOINT WARNING * * *
Sigmund smiles chillingly.
Sigmund gestures at you while chanting.
You are confused.
You bump into the stone wall.
Sigmund barely misses you.
It was a potion of brilliance.
You feel clever all of a sudden. Sigmund hits you but does no damage.
You are too confused!
You bump into the closed door.
Sigmund casts a spell at himself.
Sigmund flickers and vanishes!
Deactivating autopickup; reactivate with Ctrl-A.
You hit something. Your headbutt misses something. Something hits you!
You die...

..............## ..
....<.........# ..
#+####..........##
... ...
..............
..##.##########.#.#..
....................
#...#........# ...
..###.#{+.........
...
.......@#........#
... ......#..........
.. ..... #.......##
.. ......#.......# ..
......_..†....#
........##'#### ####
. #...#.##.# #...
#...#.##.# #...
#...#. #.# #...


There were no monsters in sight!

Vanquished Creatures
  A hound (D:2)
  3 adders (D:2)
  A worm (D:2)
  A dart slug (D:2)
  5 endoplasms
  A giant cockroach (D:2)
  4 goblins (D:1)
  2 hobgoblins
  2 jackals (D:2)
  6 ball pythons
  3 bats (D:1)
  5 frilled lizards
  6 rats
40 creatures vanquished.

Notes
Turn   | Place    | Note
-------+----------+-------------------------------------------
     0 | Abyss:1  | kae the Demonspawn Abyssal Knight began the quest for the
                  | Orb.
     0 | Abyss:1  | Reached XP level 1. HP: 18/18 MP: 2/2
    68 | Abyss:1  | Noticed a tentacled starspawn
    69 | D:1      | Escaped the Abyss
   210 | D:1      | Gained mutation: When seriously injured, your bleeding
                  | wounds create armour. (AC +6) [demonic ancestry]
   210 | D:1      | Reached XP level 2. HP: 24/24 MP: 3/3
   211 | D:1      | Reached * piety under Lugonu
  1160 | D:2      | Gained mutation: You have a pair of small horns on your
                  | head. [demonic ancestry]
  1160 | D:2      | Reached XP level 3. HP: 17/29 MP: 4/4
  1808 | D:2      | Gained mutation: You sometimes gain a little power by
                  | taking damage. [demonic ancestry]
  1808 | D:2      | Reached XP level 4. HP: 17/37 MP: 5/5
  1808 | D:2      | Reached ** piety under Lugonu
  2151 | D:2      | Found a faded altar of an unknown god.
  2153 | D:2      | Noticed Sigmund
  2166 | D:2      | Mangled by Sigmund

Illustrated notes

Levels and vault maps discovered:
D:1:      ebering_hopf_link, layout_loops_ring
D:2:      layout_basic, hellmonk_ecumenical_altar_lost_god, basic_altar,
          uniq_sigmund

Skill      XL: |  1  2 |
---------------+-------+-----
Long Blades    | 2 3 |  3.7
Fighting       | |  3.8
Armour         | |  1.7
Dodging        | |  0.8
Invocations    | |  2.4

Action                   |  1- 3 |  4- 6 || total
-------------------------+-------+-------++-------
Melee: Falchion          |    98 |    15 ||   113
       Headbutt          |     6 |     8 ||    14
Invok: Depart the Abyss  |     1 |       ||     1
  Use: Scroll            |     1 |       ||     1
       Potion            |       |     2 ||     2
 Stab: Sleeping          |     2 |       ||     2
Armor: Leather armour    |    31 |     5 ||    36
Dodge: Dodged            |    53 |     6 ||    59
       Rpst.: Falchion   |    18 |     2 ||    20

Table legend: (Time is in decaauts)
 A = Elapsed time spent in this place.
 B = Non-inter-level travel time spent in this place.
 C = Inter-level travel time spent in this place.
 D = Time resting spent in this place.
 E = Time spent auto-exploring this place.
 F = Levels seen in this place.
 G = Mean time per level.
                   A        B        C        D        E       F      G
               +--------+--------+--------+--------+--------+-----+--------+
         Total |   2182 |   2170 |     12 |     12 |   1874 |   3 |  727.3 |
       Dungeon |   2113 |   2101 |     12 |     12 |   1806 |   2 | 1056.5 |
         Abyss |     69 |     69 |      0 |      0 |     68 |   1 |   69.0 |
               +--------+--------+--------+--------+--------+-----+--------+

Top non-repeatable levels by time:
     D:2: 1110 daAuts
     D:1: 1003 daAuts
 Abyss:1: 69 daAuts
